Map: Amygdala

Players

VITMaru (Maru)

  • Race: Terran Terran
  • Spawn Location: 1:00

Dark - Winner!

  • Race: Zerg Zerg
  • League: Master
  • Spawn Location: 7:00

VOD

Have the link to the VOD?

Description

Time

  • Played on: March 1, 2025, 4:35 a.m.
  • Length: 28:38
Show
View Real Time Build Order
Export as new Build Order

VITMaru Terran 

Build Orders: Liberator Opening 

Get SALT Encoding   

  12  0:00  SCV  
  13  0:12  SCV  
  14  0:18  Supply Depot  
  14  0:24  SCV  
  15  0:39  SCV  
  15  0:41  Barracks  
  16  0:52  SCV  
  16  0:53  Refinery  
  17  1:04  SCV  
  18  1:16  SCV  
  19  1:28  Orbital Command, Marine  
  20  1:36  Command Center  
  20  1:45  Marine  
  21  1:52  Supply Depot  
  21  1:54  SCV  
  22  2:03  Factory  
  22  2:06  SCV  
  23  2:13  Refinery  
  23  2:16  Barracks Reactor  
  23  2:18  SCV  
  24  2:30  SCV  
  25  2:42  SCV  
  26  2:49  Orbital Command, Starport  
  26  2:54  SCV  
  26  2:56  Hellion x2  
  31  2:59  Barracks Tech Lab  
  31  3:06  SCV  
  32  3:15  SCV  
  32  3:17  Hellion  
  32  3:18  SCV, Hellion  
  38  3:21  Supply Depot  
  38  3:22  Stimpack  
  39  3:27  SCV  
  39  3:30  Liberator  
  42  3:35  SCV  
  42  3:40  SCV  
  44  3:48  SCV  
  45  3:51  Barracks  
  45  3:53  SCV  
  45  3:54  Marine, Supply Depot  
  47  4:00  SCV  
  48  4:05  SCV  
  48  4:07  Factory Reactor  
  49  4:12  Marine  
  49  4:16  Command Center  
  50  4:18  Supply Depot  
  50  4:19  SCV  
  50  4:22  SCV  
  52  4:31  SCV  
  52  4:32  Engineering Bay  
  52  4:33  Refinery  
  52  4:34  Engineering Bay  
  52  4:35  SCV  
  52  4:37  Marine  
  55  4:42  Marine x2  
  55  4:43  SCV  
  58  4:47  SCV, Supply Depot  
  58  4:49  Factory Tech Lab  
  59  4:53  Medivac  
  59  4:54  Medivac  
  59  4:55  Marine  
  59  4:56  SCV  
  65  5:00  Marine x2, Terran Infantry Weapons Level 1  
  65  5:02  Terran Infantry Armor Level 1  
  65  5:04  SCV  
  68  5:08  SCV  
  68  5:12  Combat Shield  
  68  5:13  Marine  
  67  5:16  SCV  
  67  5:17  Marine  
  67  5:20  SCV  
  70  5:28  SCV  
  70  5:29  Orbital Command  
  70  5:31  Barracks  
  70  5:32  SCV, Barracks  
  72  5:36  Barracks, Starport Reactor  
  72  5:39  Siege Tank  
  72  5:42  SCV  
  76  5:45  SCV  
  76  5:46  Marine, Refinery  
  76  5:48  Marine x2  
  80  5:54  SCV  
  81  6:00  SCV  
  81  6:03  Marine  
  81  6:06  Marine x2  
  81  6:08  Orbital Command  
  81  6:09  Armory  
  81  6:11  Supply Depot  
  83  6:16  Siege Tank, Medivac x2  
  90  6:21  SCV x2, Marine, Supply Depot  
  93  6:27  Barracks Reactor  
  93  6:31  Barracks Reactor  
  93  6:32  Marine  
  94  6:33  SCV x2  
  94  6:35  Supply Depot  
  94  6:38  Marine x3  
  94  6:39  Marine  
  100  6:40  SCV  
  100  6:45  SCV x2, Supply Depot  
  100  6:46  Supply Depot  
  103  6:50  Marine  
  103  6:52  Siege Tank  
  103  6:53  Medivac  
  108  6:56  Marine x2  
  108  7:00  SCV x2  
  108  7:01  Supply Depot  
  112  7:03  SCV  
  113  7:08  Marine  
  113  7:09  Marine x3  
  113  7:12  SCV x2  
  113  7:14  Terran Infantry Armor Level 2, Terran Infantry Weapons Level 2  
  119  7:19  Marine x5  
  119  7:22  SCV  
  125  7:23  Supply Depot  
  125  7:25  Supply Depot  
  125  7:29  Marine x2  
  125  7:30  Marine  
  125  7:31  Siege Tank, Marine  
  125  7:36  Marine  
  131  7:37  Marine x3  
  131  7:38  Marine  
  121  7:47  Marine x3  
  121  7:48  SCV x3  
  98  7:58  Marine  
  98  8:00  SCV x2, Marine  
  98  8:01  SCV  
  98  8:03  Siege Tank  
  98  8:07  Marine x2  
  98  8:12  SCV x2  
  99  8:13  SCV  
  99  8:16  Marine x2, Medivac  
  99  8:17  Marine x3  
  103  8:21  Marine x2  
  103  8:24  SCV x2  
  103  8:25  SCV  
  103  8:26  Marine  
  103  8:27  Marine  
  109  8:31  Medivac  
  112  8:34  Marine x3  
  112  8:35  Siege Tank, Marine x2  
  112  8:36  SCV x2  
  112  8:37  SCV  
  112  8:39  Marine x2, Supply Depot  
  125  8:44  Marine x2  
  127  8:52  SCV x3, Marine x3  
  127  8:55  Supply Depot  
  133  8:56  Supply Depot  
  133  8:57  Medivac  
  133  9:01  Medivac  
  135  9:03  Supply Depot  
  135  9:04  SCV x3, Sensor Tower  
  135  9:07  Siege Tank  
  141  9:15  Command Center  
  141  9:16  SCV  
  142  9:17  Marine  
  142  9:24  Marine x4  
  142  9:27  Medivac  
  142  9:28  SCV  
  142  9:29  SCV  
  142  9:30  Supply Depot, Factory  
  142  9:31  Medivac  
  152  9:33  Marine x2  
  154  9:43  Barracks, Marine  
  154  9:44  Barracks  
  136  9:47  Marine x2  
  136  9:49  Marine x4  
  130  9:52  Marine  
  130  9:56  Marine  
  130  9:57  SCV x2  
  130  9:58  SCV  
  102  10:01  Marine  
  102  10:03  Siege Tank  
  102  10:04  Marine x2  
  81  10:09  SCV x2, Marine  
  81  10:10  Marine x4  
  81  10:12  Terran Infantry Weapons Level 3  
  88  10:16  Marine  
  88  10:18  SCV  
  88  10:19  Marine  
  91  10:22  Marine x2  
  91  10:24  Factory Reactor  
  91  10:27  SCV x2, Marine x3  
  96  10:31  SCV  
  96  10:39  SCV x2  
  98  10:43  SCV  
  98  10:45  Widow Mine, Drilling Claws  
  101  10:51  SCV  
  101  10:54  Terran Infantry Armor Level 3  
  101  10:55  Marine  
  103  11:00  Marine  
  103  11:03  Marine  
  105  11:10  Widow Mine  
  105  11:11  Widow Mine x2, SCV  
  112  11:19  SCV, Missile Turret  
  112  11:20  SCV  
  112  11:21  Marine  
  112  11:24  Marine  
  112  11:25  Marine x4  
  118  11:28  Supply Depot  
  118  11:32  Widow Mine x3  
  124  11:35  SCV  
  124  11:36  Supply Depot  
  125  11:41  Marine x2  
  126  11:53  Widow Mine x3, Marine  
  133  11:57  SCV x2  
  133  11:58  SCV  
  130  12:09  SCV x2  
  130  12:10  SCV  
  130  12:12  Barracks Tech Lab x2  
  130  12:13  Marine x2, Marauder  
  130  12:15  Widow Mine x3  
  143  12:21  SCV  
  143  12:22  Supply Depot  
  142  12:24  Marine x2  
  142  12:26  SCV x2  
  146  12:36  Widow Mine x2, Command Center  
  150  12:42  Marine x4, Marauder x2  
  154  12:51  Widow Mine  
  154  12:52  Marauder  
  154  12:53  Marine  
  143  13:04  Marauder x2  
  146  13:09  Liberator  
  146  13:10  Liberator  
  146  13:13  Marauder  
  146  13:16  SCV x3  
  147  13:26  Marine  
  150  13:27  Marauder  
  150  13:28  SCV x3  
  150  13:33  Marine  
  154  13:34  Marauder  
  154  13:40  SCV x3  
  147  13:49  Marine x2, Marauder x2  
  147  13:52  SCV  
  147  13:53  Widow Mine x2  
  160  13:55  Marauder  
  160  13:57  SCV  
  160  14:00  SCV  
  162  14:04  SCV  
  162  14:05  Widow Mine  
  162  14:09  SCV  
  166  14:10  Liberator, Marauder  
  166  14:12  SCV, Refinery  
  166  14:14  Widow Mine  
  166  14:16  SCV  
  175  14:17  Planetary Fortress  
  175  14:21  SCV  
  178  14:24  Widow Mine  
  178  14:26  Widow Mine  
  178  14:35  SCV x2, Refinery  
  178  14:36  Widow Mine  
  178  14:37  Refinery  
  180  14:39  Medivac  
  180  14:41  Marine x3, Marauder x2  
  180  14:42  Marauder  
  193  14:45  Widow Mine  
  193  14:48  Widow Mine  
  195  14:53  Command Center  
  195  14:57  Widow Mine  
  193  15:05  Refinery  
  193  15:06  Ghost Academy  
  193  15:07  Widow Mine  
  195  15:09  Widow Mine  
  193  15:18  Widow Mine, Medivac x2  
  185  15:28  Widow Mine  
  187  15:30  Widow Mine  
  187  15:36  Barracks, Supply Depot  
  187  15:40  Widow Mine  
  182  15:44  Missile Turret  
  182  15:48  Liberator  
  182  15:49  Ghost x2  
  185  15:50  Ghost  
  190  16:06  Widow Mine x2, Siege Tank  
  195  16:12  Missile Turret  
  195  16:14  Missile Turret  
  195  16:18  Personal Cloaking, Ghost  
  192  16:28  Ghost  
  189  16:34  Ghost  
  188  16:42  Liberator x2  
  188  16:44  Barracks Tech Lab  
  188  16:46  Ghost  
  197  16:56  Ghost  
  197  16:57  Sensor Tower  
  198  17:01  Command Center  
  198  17:07  Ghost  
  199  17:09  Ghost  
  196  17:17  Ghost  
  197  17:25  Ghost  
  197  17:27  Sensor Tower  
  200  17:32  Terran Vehicle And Ship Armor Level 1  
  200  17:43  Sensor Tower  
  200  17:49  Missile Turret x2  
  198  17:55  Planetary Fortress  
  198  18:03  Neosteel Armor  
  189  18:16  Ghost x2  
  189  18:17  Ghost  
  181  18:24  Ghost  
  163  18:37  Sensor Tower  
  163  18:39  Widow Mine  
  163  18:40  Widow Mine  
  169  18:44  Ghost x2  
  169  18:46  Ghost  
  178  18:49  Marine x4  
  178  18:52  Ghost  
  184  18:55  Widow Mine  
  184  18:56  SCV x3  
  185  19:10  SCV, Sensor Tower  
  185  19:13  Ghost  
  185  19:14  SCV x2, Marauder  
  185  19:15  SCV, Marauder  
  196  19:21  Marauder  
  196  19:22  SCV  
  199  19:27  Terran Vehicle And Ship Armor Level 2  
  199  19:34  SCV  
  199  19:36  Missile Turret  
  199  19:37  Missile Turret  
  199  19:38  Factory Reactor  
  193  19:46  SCV  
  160  19:53  Ghost x2  
  160  19:54  Ghost x2  
  160  19:58  Marine  
  160  19:59  Marine x4  
  180  20:01  Medivac  
  168  20:18  Refinery  
  168  20:19  Refinery  
  168  20:21  Marine x2  
  168  20:22  Marine x2, Ghost  
  168  20:23  Marine, Marauder x3  
  182  20:32  Medivac x2  
  186  20:44  Marauder x2  
  186  20:45  Marauder  
  186  20:47  Widow Mine x2  
  180  20:51  Marauder  
  182  20:57  Widow Mine, Marine x2  
  186  21:05  Command Center  
  186  21:06  Marauder x3  
  186  21:07  Missile Turret  
  186  21:08  Concussive Shells  
  186  21:09  Widow Mine  
  194  21:12  Widow Mine  
  194  21:13  Marauder  
  185  21:19  Widow Mine  
  187  21:30  Widow Mine  
  189  21:36  Widow Mine  
  189  21:37  Sensor Tower  
  191  21:40  Widow Mine  
  191  21:41  Command Center  
  191  21:46  Terran Vehicle And Ship Armor Level 3  
  193  21:51  Widow Mine  
  193  21:58  Widow Mine  
  193  22:01  Widow Mine  
  191  22:13  Widow Mine  
  193  22:19  Widow Mine  
  194  22:23  Widow Mine  
  194  22:26  Ghost  
  194  22:27  Refinery  
  194  22:29  SCV  
  192  22:43  Ghost  
  192  22:44  Medivac x2  
  178  22:45  Marine x4, Marauder x2  
  178  22:49  Marine x4  
  172  22:52  SCV x3  
  172  22:56  Marauder  
  177  23:03  Marine  
  177  23:04  SCV  
  176  23:07  Marauder x2  
  176  23:09  SCV x2  
  176  23:12  Marauder  
  178  23:16  SCV  
  178  23:17  Marauder  
  170  23:21  SCV x2  
  170  23:24  Marine x3  
  175  23:28  Marauder x2  
  175  23:29  SCV  
  175  23:33  Marauder  
  182  23:38  Marauder  
  182  23:49  Marauder  
  182  23:54  Widow Mine x2  
  158  24:03  Orbital Command  
  158  24:07  Marine x3  
  158  24:08  Liberator, Marauder x3  
  158  24:09  Liberator  
  173  24:10  Widow Mine  
  173  24:15  Widow Mine x2  
  177  24:23  Sensor Tower  
  177  24:25  Missile Turret  
  177  24:32  Widow Mine  
  177  24:36  SCV x2  
  177  24:37  Widow Mine x2  
  185  24:39  Ghost  
  188  24:52  Planetary Fortress  
  188  24:55  SCV  
  188  24:56  SCV x2  
  191  25:02  Widow Mine x3  
  197  25:08  SCV  
  191  25:30  Barracks Tech Lab  
  191  25:31  Widow Mine  
  173  25:35  Supply Depot  
  173  25:45  Supply Depot  
  173  25:47  Supply Depot  
  173  25:57  Medivac x2  
  167  26:05  Ghost x2  
  167  26:06  Marine  
  167  26:07  Marine x2, Marauder x2  
  167  26:10  Orbital Command  
  166  26:20  SCV  
  159  26:28  Medivac  
  161  26:39  Orbital Command  
  161  26:40  Medivac  
  161  26:42  SCV  
  164  26:54  SCV  
  163  27:01  Marine  
  164  27:22  Marine x2, Marauder  
  133  27:26  Marine  
  131  27:33  Marine  
  131  27:34  Marine  
  131  27:43  Orbital Command  
  118  27:57  Marine, Medivac x2  
  120  27:59  SCV  
Show
View Real Time Build Order
Export as new Build Order

Dark Zerg - Winner!

Build Orders: Hatch First 

Get SALT Encoding   

  12  0:00  Drone  
  13  0:12  Overlord  
  13  0:16  Drone  
  14  0:30  Drone x2  
  16  0:45  Hatchery  
  16  0:49  Drone  
  16  0:52  Drone  
  17  0:58  Drone  
  18  1:06  Extractor  
  17  1:12  Spawning Pool  
  17  1:13  Drone  
  17  1:17  Drone  
  18  1:28  Drone  
  19  1:39  Drone  
  20  1:49  Drone  
  21  2:02  Queen x2  
  21  2:03  Drone  
  21  2:04  Drone  
  27  2:11  Overlord  
  27  2:13  Drone  
  28  2:21  Hatchery  
  27  2:25  Overlord  
  27  2:32  Drone  
  27  2:35  Metabolic Boost  
  28  2:38  Overlord  
  28  2:44  Drone  
  28  2:46  Drone x2  
  31  2:53  Queen  
  31  2:56  Drone  
  31  2:58  Drone  
  35  3:07  Overlord  
  35  3:09  Drone  
  35  3:12  Zergling x2, Drone  
  38  3:13  Drone x2  
  38  3:16  Drone x2  
  42  3:22  Queen  
  44  3:29  Queen  
  46  3:36  Zergling x4  
  46  3:40  Drone x3  
  51  3:43  Queen  
  52  3:51  Zergling x2  
  52  3:52  Zergling x2  
  54  3:58  Lair  
  54  4:02  Drone, Overlord  
  55  4:03  Drone x2  
  55  4:06  Drone  
  58  4:12  Overlord  
  58  4:16  Overlord  
  58  4:20  Drone  
  58  4:21  Drone x7  
  67  4:32  Drone x5  
  72  4:40  Drone x2, Baneling Nest  
  72  4:42  Extractor  
  72  4:43  Extractor  
  69  4:49  Zergling x10  
  74  4:56  Spore Crawler  
  74  4:57  Drone x5  
  77  5:02  Drone  
  78  5:08  Drone x4  
  78  5:12  Drone  
  81  5:14  Overlord  
  81  5:18  Overlord  
  81  5:19  Evolution Chamber x2  
  79  5:23  Overlord  
  79  5:26  Drone  
  79  5:28  Extractor  
  79  5:29  Centrifugal Hooks  
  79  5:33  Zergling x4  
  81  5:36  Drone  
  81  5:37  Hatchery  
  81  5:38  Drone  
  81  5:41  Hatchery  
  81  5:43  Drone  
  81  5:45  Zerg Melee Weapons Level 1, Zerg Ground Armor Level 1  
  81  5:48  Drone x2  
  81  5:49  Extractor, Zergling x12  
  89  5:53  Baneling x4  
  82  6:07  Drone x6  
  82  6:10  Baneling x2  
  88  6:14  Zergling x8  
  88  6:15  Zergling x2  
  88  6:17  Zergling x6  
  96  6:19  Zergling x6  
  96  6:20  Baneling x2  
  96  6:21  Baneling  
  99  6:25  Zergling x2  
  99  6:26  Zergling x4  
  99  6:28  Infestation Pit  
  101  6:33  Zergling x4  
  101  6:38  Zergling x2  
  102  6:44  Zergling x4  
  103  6:54  Zergling x14  
  103  6:56  Baneling x7  
  103  6:57  Drone x4  
  113  7:03  Burrow  
  113  7:07  Baneling  
  114  7:08  Drone x5  
  114  7:09  Hatchery  
  114  7:11  Zergling x2  
  114  7:15  Overlord x2  
  118  7:20  Overlord  
  118  7:21  Overlord  
  117  7:30  Baneling x11  
  117  7:36  Baneling  
  114  7:39  Zergling x22  
  111  7:44  Zergling x2  
  111  7:45  Zergling x8  
  111  7:48  Baneling  
  111  7:49  Baneling x9, Zergling x8  
  106  8:01  Baneling x4  
  106  8:02  Baneling x8, Queen  
  106  8:03  Zergling x6  
  109  8:06  Zergling x4  
  102  8:17  Zergling x20  
  104  8:20  Zergling x6  
  104  8:23  Zergling x10  
  104  8:24  Zerg Melee Weapons Level 2, Zerg Ground Armor Level 2  
  111  8:35  Zergling x10  
  111  8:38  Zergling x2  
  117  8:45  Drone  
  117  8:46  Zergling x6  
  117  8:47  Zergling x6  
  120  8:56  Baneling x3  
  120  9:01  Hatchery  
  120  9:02  Hive  
  119  9:04  Zergling x18  
  119  9:09  Baneling x7  
  127  9:17  Hatchery  
  123  9:25  Zergling x2  
  123  9:26  Zergling x22  
  123  9:29  Baneling x10  
  135  9:34  Zergling x12  
  135  9:37  Baneling  
  135  9:38  Baneling x5  
  129  9:50  Zergling x16  
  119  9:55  Zergling x6  
  101  10:02  Zergling x14  
  101  10:06  Zergling x4  
  107  10:10  Zergling x6  
  110  10:18  Zergling x6  
  110  10:19  Zergling x2  
  111  10:25  Zergling x2  
  108  10:30  Adrenal Glands  
  108  10:31  Zergling x6, Ultralisk Cavern  
  108  10:32  Zergling x2  
  106  10:44  Infestor x2  
  106  10:45  Drone x3  
  106  10:46  Zergling x8  
  116  10:50  Hatchery  
  116  10:57  Zergling x10  
  116  11:01  Baneling  
  116  11:02  Baneling x7  
  116  11:03  Zergling x4  
  116  11:04  Zergling x10  
  124  11:15  Zerg Ground Armor Level 3  
  120  11:20  Infestor x2  
  120  11:24  Chitinous Plating  
  120  11:25  Ultralisk  
  129  11:26  Drone x3  
  129  11:27  Drone x2  
  129  11:30  Spore Crawler  
  133  11:36  Ultralisk  
  139  11:40  Baneling x2  
  136  11:51  Infestor  
  136  11:52  Zergling x24  
  148  12:04  Spore Crawler, Infestor  
  148  12:05  Drone  
  148  12:07  Overlord  
  148  12:08  Overlord  
  150  12:09  Pneumatized Carapace  
  150  12:10  Hatchery  
  150  12:11  Extractor  
  150  12:15  Zergling x4  
  149  12:23  Hatchery  
  147  12:30  Ultralisk  
  147  12:32  Zergling x24  
  164  12:38  Zerg Melee Weapons Level 3  
  164  12:44  Zergling x2  
  164  12:45  Zergling x2  
  159  12:53  Zergling x10  
  150  12:59  Zergling x10  
  154  13:08  Ultralisk  
  154  13:10  Zergling x8  
  162  13:18  Ultralisk  
  162  13:19  Zergling x6  
  166  13:24  Anabolic Synthesis  
  166  13:30  Zergling x6  
  166  13:34  Spore Crawler  
  165  13:35  Zergling x6  
  165  13:37  Baneling  
  165  13:38  Baneling x7  
  167  13:45  Overlord  
  167  13:46  Zergling x6  
  167  13:48  Drone x3  
  168  13:49  Ultralisk  
  168  13:50  Zergling x6  
  168  13:54  Zerg Missile Weapons Level 1, Overlord x2  
  177  14:04  Drone x2  
  177  14:05  Drone x2, Hydralisk Den  
  177  14:06  Drone x3  
  177  14:07  Baneling  
  177  14:08  Baneling x2  
  183  14:11  Zergling x4  
  185  14:19  Spore Crawler  
  185  14:20  Overseer  
  181  14:24  Drone x7  
  181  14:27  Drone x5  
  186  14:31  Infestor  
  186  14:33  Zergling x10  
  186  14:35  Spore Crawler  
  186  14:36  Grooved Spines  
  190  14:41  Zergling x2  
  190  14:42  Zergling x2  
  190  14:44  Overseer  
  190  14:45  Overseer  
  192  14:47  Zergling x6  
  192  14:52  Drone x4  
  193  14:53  Zergling x6  
  189  15:25  Hydralisk x5  
  189  15:26  Overlord  
  189  15:27  Muscular Augments  
  197  15:43  Nydus Network  
  197  15:45  Infestor x2  
  197  15:48  Overseer x2  
  194  15:56  Hatchery  
  193  15:58  Drone x5  
  193  16:03  Overseer  
  195  16:07  Hydralisk x2  
  198  16:15  Zergling x2  
  199  16:30  Drone x3  
  199  16:31  Drone x3  
  195  16:32  Nydus Canal  
  195  16:40  Zerg Missile Weapons Level 2  
  195  16:41  Lurker Den  
  195  16:43  Extractor, Drone x2  
  195  16:44  Drone x3  
  195  16:47  Spore Crawler  
  196  16:57  Neural Parasite  
  196  17:00  Drone x4  
  200  17:01  Extractor x2  
  200  17:02  Drone x2  
  200  17:03  Drone x5  
  194  17:23  Hydralisk x2  
  197  17:31  Infestor  
  197  17:33  Queen  
  197  17:35  Unknown  
  197  17:36  Baneling x13  
  199  17:37  Overseer x2  
  199  17:41  Seismic Spines  
  199  17:51  Zergling x4  
  199  18:10  Infestor  
  176  18:18  Nydus Canal  
  176  18:19  Hydralisk x5  
  165  18:26  Hydralisk  
  165  18:27  Hydralisk x3  
  160  18:28  Zergling x18  
  160  18:31  Zergling x18  
  160  18:32  Zergling x4  
  162  18:37  Hydralisk x3  
  162  18:38  Adaptive Talons  
  162  18:39  Baneling  
  162  18:40  Baneling  
  162  18:41  Baneling x2  
  168  18:42  Hydralisk x2  
  168  18:43  Nydus Canal  
  168  18:44  Zergling x4  
  168  18:48  Overseer  
  171  18:50  Zergling x2  
  171  18:51  Zergling x10  
  177  18:56  Lurker x2  
  177  18:57  Zergling x8  
  177  18:58  Overlord  
  177  19:01  Overlord x3  
  183  19:11  Overlord x2  
  183  19:13  Overlord  
  183  19:18  Viper x2  
  183  19:21  Lurker  
  183  19:22  Lurker  
  183  19:23  Overseer  
  191  19:24  Zergling x2  
  191  19:25  Zergling x14  
  191  19:31  Baneling x2, Zergling x2  
  199  19:38  Nydus Canal  
  200  19:41  Hatchery  
  141  19:53  Hydralisk x2  
  141  19:58  Zergling x48  
  141  19:59  Zergling x4  
  165  20:00  Hydralisk  
  165  20:01  Overseer  
  166  20:08  Hydralisk  
  166  20:09  Hydralisk  
  167  20:14  Zergling x2  
  167  20:15  Zergling x10  
  173  20:25  Spore Crawler, Extractor, Drone x2  
  173  20:26  Extractor  
  172  20:29  Zergling x14  
  172  20:30  Zerg Missile Weapons Level 3  
  172  20:32  Infestor, Hydralisk x3  
  172  20:35  Zergling x8  
  189  20:37  Lurker  
  189  20:38  Baneling  
  189  20:44  Overseer  
  189  20:45  Overseer  
  189  20:49  Zergling x2  
  181  20:50  Zergling x20  
  181  20:52  Baneling x5  
  187  20:59  Zergling x24  
  187  21:01  Nydus Canal  
  199  21:05  Zergling x2  
  200  21:12  Overseer  
  200  21:18  Zergling x36, Nydus Canal  
  198  21:20  Baneling x7  
  198  21:23  Zergling x4  
  199  21:39  Zergling x8  
  199  21:41  Baneling x12  
  198  21:54  Zergling x4  
  198  22:01  Infestor, Nydus Canal  
  200  22:08  Zergling x42  
  198  22:17  Zergling x2  
  198  22:21  Zergling x2  
  200  22:23  Hatchery  
  200  22:25  Zergling x2  
  171  22:44  Hydralisk x7  
  171  22:45  Hydralisk x2  
  171  22:46  Zergling x22  
  171  22:50  Zergling x4, Overseer  
  171  22:51  Overseer x5  
  200  22:54  Zergling x2  
  197  22:59  Baneling x4  
  197  23:05  Overseer  
  187  23:06  Overseer  
  181  23:19  Hydralisk x5  
  178  23:20  Zergling x4  
  178  23:21  Zergling x26  
  191  23:27  Baneling x4  
  191  23:28  Zergling x2  
  191  23:31  Zergling x4, Overseer x2  
  191  23:33  Extractor  
  192  23:37  Zergling x4  
  192  23:41  Zergling x4  
  196  23:42  Zergling x4  
  160  24:00  Zergling x14  
  160  24:01  Zergling x12  
  164  24:03  Zergling x2  
  164  24:06  Lurker, Zergling x6  
  165  24:11  Baneling x13  
  165  24:12  Zergling x16  
  165  24:14  Overlord x2  
  165  24:15  Zergling x4  
  175  24:18  Zergling x4  
  175  24:21  Zergling x2, Overseer x2  
  175  24:22  Baneling x4, Zergling x4  
  175  24:23  Baneling x5, Overseer x5  
  180  24:25  Zergling x2  
  180  24:27  Baneling x5  
  180  24:29  Baneling x2  
  180  24:30  Overlord x3  
  180  24:31  Overlord x3  
  181  24:32  Baneling  
  181  24:39  Zergling x12  
  181  24:41  Zergling x2  
  188  24:47  Nydus Canal  
  188  24:50  Zergling x12  
  194  24:58  Zergling x4  
  196  25:02  Baneling x7  
  196  25:05  Zergling x6  
  196  25:06  Nydus Canal  
  197  25:19  Zergling x32  
  199  25:26  Zergling x6  
  195  25:34  Zergling x14  
  195  25:39  Baneling x9  
  195  25:40  Baneling, Zergling x2  
  195  25:41  Zergling x10  
  196  25:44  Overlord x2  
  196  25:46  Zergling x6  
  196  25:47  Baneling  
  199  25:56  Baneling x4  
  187  26:04  Zergling x10  
  187  26:05  Zergling x16  
  187  26:10  Nydus Canal  
  199  26:15  Zergling x2  
  199  26:16  Zergling x8  
  198  26:23  Zergling x12  
  199  26:32  Lurker x3  
  200  26:33  Lurker  
  199  26:41  Baneling x8  
  199  26:43  Baneling x4  
  199  26:45  Baneling  
  199  26:53  Infestor x2  
  186  26:55  Zergling x26  
  186  26:56  Baneling x15  
  186  26:57  Baneling  
  186  27:00  Nydus Canal  
  174  27:24  Zergling x4  
  174  27:25  Zergling x48  
  174  27:26  Zergling x2  
  174  27:27  Baneling x6  
  193  27:37  Zergling x4  
  193  27:38  Zergling x2  
  192  27:45  Zergling x12  
  196  27:54  Zergling x8  
  199  28:01  Hatchery  
  199  28:04  Zergling x2  
  199  28:12  Baneling x3  
  199  28:15  Zergling x2  
  173  28:20  Zergling x40  
  185  28:30  Nydus Canal  
Tags
 
Add a new tag
Caveats
  • Supply blocks, unpowered buildings, or Contaminate may cause inaccurate times.
  • Supply counts are checked every 10 seconds.